 Dungeon Crawl Stone Soup version 0.27-a0-1182-gee19b5822f (webtiles) character file.

Game seed: 11704306141222694617

1552780 celly00 the Petrodigitator (level 27, 207/207 HPs)
             Began as a Formicid Abyssal Knight on May 18, 2021.
             Was the Champion of Lugonu.
             Escaped with the Orb
             ... and 3 runes!
             The game lasted 04:02:34 (100440 turns).

celly00 the Petrodigitator (FoAK)                 Turns: 100440, Time: 04:02:35

Health: 207/207    AC: 37    Str: 23    XL:     27
Magic:  56/56      EV: 10    Int: 38    God:    Lugonu [******]
Gold:   4069       SH: 16    Dex: 13    Spells: 40/66 levels left

rFire    + + +     SeeInvis +   a - +11 plutonium sword {Contam Stlth-}
rCold    + + .     Faith    .   x - +2 kite shield {AC+3}
rNeg     . . .     Spirit   +   r - +5 gold dragon scales
rPois    +         Reflect  .   (helmet unavailable)
rElec    +         Harm     .   Y - +0 cloak "Neclent" {rElec Str+2 Int+8 Dex-3}
rCorr    .         Rampage  .   u - +0 pair of gloves "Pirusor" {Str+3 Dex+4 SInv}
Will     ++...                  n - +0 pair of boots of the Manifold Lives {Int+3}
Stlth    ..........             q - amulet "Koasaji" {Spirit rPois rF+ Int+3}
HPRegen  0.44/turn              V - ring of Jafuraeh {rF++ MP+9 Str-5 Int+5}
MPRegen  0.35/turn              o - ring "Jatacs" {rF+ rC+ Dex+2}

@: studying Bows
A: permanent stasis, dig shafts and tunnels, antennae 3, four strong arms, beak
0: Orb of Zot
}: 3/15 runes: barnacled, silver, gossamer
a: Dig, Shaft Self, Renounce Religion, Depart the Abyss, Bend Space, Banish,
Corrupt, Enter the Abyss


You escaped.
You worshipped Lugonu.
Lugonu was exalted by your worship.
You visited 9 branches of the dungeon, and saw 49 of its levels.
You visited the Abyss 4 times.
You also visited: Trove, Sewer and Ice Cave.

You collected 10334 gold pieces.
You spent 6265 gold pieces at shops.

Inventory:

Hand Weapons
 a - the +11 plutonium sword (weapon) {Contam Stlth-}
   (You bought it in a shop on level 5 of the Realm of Zot)

   It causes magical contamination when unequipped.
   It makes you less stealthy.
 p - a +9 great sword of distortion
Missiles
 c - 36 silver javelins (quivered)
 k - 11 silver boomerangs
 T - 8 throwing nets
Armour
 f - a scarf of resistance
 n - the +0 pair of boots of the Manifold Lives (worn) {Int+3}
   (You found it in a treasure trove)

   It affects your intelligence (+3).
 r - +5 gold dragon scales (worn)
 t - the +0 plate armour of the Endless Expanse {rElec Int+4 Dex-4 Slay+2}
   (You found it on level 2 of the Elven Halls)

   It affects your intelligence (+4).
   It affects your dexterity (-4).
   It affects your accuracy and damage with ranged weapons and melee attacks
   (+2).
   It insulates you from electricity.
 u - the +0 pair of gloves "Pirusor" (worn) {Str+3 Dex+4 SInv}
   (You acquired it on level 4 of the Depths)

   It affects your strength (+3).
   It affects your dexterity (+4).
   It lets you see invisible.
 x - a +2 kite shield of protection (worn)
 D - the +2 pair of boots of the Pits of Slime {Fly rCorr}
   (You found it on level 4 of the Depths)

   It grants you flight.
   It protects you from acid and corrosion.
 Y - the +0 cloak "Neclent" (worn) {rElec Str+2 Int+8 Dex-3}
   (You found it on level 6 of the Dungeon)

   It affects your strength (+2).
   It affects your intelligence (+8).
   It affects your dexterity (-3).
   It insulates you from electricity.
 Z - the +6 scale mail of True Grit {Int+3}
   (You found it on level 2 of the Vaults)

   It affects your intelligence (+3).
Magical Staves
 b - a staff of earth
Jewellery
 j - the ring "Hidago" {Fire Will- Int+7 SInv}
   (You found it in a treasure trove)

   [ring of fire]

   It enhances your fire magic.
   It affects your intelligence (+7).
   It protects you from fire.
   It makes you vulnerable to cold.
   It lets you see invisible.
   It decreases your willpower.
 o - the ring "Jatacs" (right hand) {rF+ rC+ Dex+2}
   (You bought it in a shop on level 1 of the Depths)

   [ring of protection from cold]

   It affects your dexterity (+2).
   It protects you from fire.
   It protects you from cold.
 q - the amulet "Koasaji" (around neck) {Spirit rPois rF+ Int+3}
   (You took it off an ironbound convoker on level 5 of the Vaults)

   [amulet of guardian spirit]

   It causes incoming damage to be divided between your reserves of health and
   magic.
   It affects your intelligence (+3).
   It protects you from fire.
   It protects you from poison.
 s - the ring "Foinaw" {rElec rN+ Stlth+}
   (You found it on level 4 of the Depths)

   [ring of positive energy]

   It insulates you from electricity.
   It protects you from negative energy.
   It makes you more stealthy.
 H - the ring "Aklieruh" {Will+ Str+4 Dex+6}
   (You acquired it in an ice cave)

   [ring of dexterity]

   It affects your strength (+4).
   It affects your dexterity (+6).
   It increases your willpower.
 V - the ring of Jafuraeh (left hand) {rF++ MP+9 Str-5 Int+5}
   (You found it on level 5 of the Realm of Zot)

   [ring of magical power]

   It affects your strength (-5).
   It affects your intelligence (+5).
   It greatly protects you from fire.
   It affects your magic capacity (+9).
Wands
 d - a wand of digging (26)
 e - a wand of charming (35)
 h - a wand of acid (30)
 i - a wand of iceblast (71)
 y - a wand of mindburst (58)
Scrolls
 E - 7 scrolls of fear
 F - 2 scrolls of fog
 K - 8 scrolls of immolation
 O - 6 scrolls of silence {!r}
 S - 5 scrolls of summoning
 W - 5 scrolls of holy word
 X - 2 scrolls of magic mapping {@r4}
Potions
 A - 10 potions of attraction
 B - 7 potions of brilliance
 C - 7 potions of cancellation
 G - 11 potions of ambrosia
 I - a potion of invisibility
 J - 18 potions of curing {@q1}
 L - 9 potions of flight
 M - 7 potions of might
 N - a potion of heal wounds {@q2}
 P - 4 potions of lignification
 Q - a potion of magic
 R - 4 potions of resistance
 U - 20 potions of mutation
Miscellaneous
 g - a tin of tremorstones (2/2)
 l - a condenser vane
 m - a phantom mirror (inert)
 v - a lightning rod (4/4)
 w - a phial of floods
 z - a box of beasts


   Skills:
 - Level 15.0 Fighting
 + Level 23.8 Long Blades
 - Level 1.7 Axes
 - Level 7.0 Throwing
 - Level 21.4 Armour
 - Level 12.0 Dodging
 - Level 8.0 Stealth
 - Level 15.0 Shields
 - Level 20.3 Spellcasting
 - Level 12.7 Translocations
 - Level 4.0 Transmutations
 O Level 27 Earth Magic
 - Level 14.0 Invocations
 - Level 12.0 Evocations


You had 40 spell levels left.
You knew the following spells:

 Your Spells              Type           Power      Damage    Failure   Level
a - Passwall              Tmut/Erth      85%        N/A       1%          2
b - Manifold Assault      Tloc           94%        N/A       1%          5
n - Apportation           Tloc           100%       N/A       1%          1
r - Lee's Rapid Deconstr  Erth           63%        3d30*     0%          5
u - Passage of Golubria   Tloc           N/A        N/A       1%          4
S - Shatter               Erth           63%        3d47*     17%         9

Your spell library contained the following spells:

 Spells                   Type           Power      Damage    Failure   Level
 Sandblast                Erth           100%       2d20      0%          1
 Beastly Appendage        Tmut           100%       N/A       1%          1
 Gell's Gravitas          Tloc           47%        N/A       1%          3
 Lesser Beckoning         Tloc           47%        N/A       1%          3
 Stone Arrow              Conj/Erth      100%       3d13      1%          3
 Teleport Other           Tloc           94%        N/A       1%          3
 Leda's Liquefaction      Hex/Erth       48%        N/A       1%          4
 Petrify                  Tmut/Erth      100%       N/A       1%          4
 Portal Projectile        Hex/Tloc       100%       N/A       2%          3
 Wereblood                Tmut           62%        N/A       3%          2
 Sting                    Tmut/Pois      100%       1d8       4%          1
 Iron Shot                Conj/Erth      48%        9d9       6%          6
 Iskenderun's Mystic Bla  Conj/Tloc      72%        2d15      8%          4
 Bolt of Magma            Conj/Fire/Erth 41%        4d17      8%          5
 Dispersal                Tloc           47%        N/A       9%          6
 Animate Skeleton         Necr           76%        N/A       11%         1
 Corona                   Hex            42%        N/A       11%         1
 Magic Dart               Conj           100%       1d8       11%         1
 Shock                    Conj/Air       100%       1d9       11%         1
 Summon Small Mammal      Summ           100%       N/A       11%         1
 Spider Form              Tmut/Pois      26%        N/A       14%         3
 Call Imp                 Summ           38%        N/A       16%         2
 Corpse Rot               Necr/Air       N/A        N/A       16%         2
 Ensorcelled Hibernation  Hex/Ice        76%        N/A       16%         2
 Poisonous Vapours        Pois/Air       76%        N/A       16%         2
 Searing Ray              Conj           76%        3d6       16%         2
 Slow                     Hex            38%        N/A       16%         2
 Static Discharge         Conj/Air       38%        N/A       16%         2
 Sublimation of Blood     Necr           19%        N/A       16%         2
 Ignite Poison            Fire/Tmut/Pois 48%        N/A       19%         3
 Summon Forest            Summ/Tloc      36%        N/A       22%         5
 Call Canine Familiar     Summ           38%        N/A       32%         3
 Confusing Touch          Hex            38%        N/A       32%         3
 Conjure Flame            Conj/Fire      38%        6-21      32%         3
 Dazzling Flash           Conj/Hex       76%        N/A       32%         3
 Inner Flame              Hex/Fire       38%        N/A       32%         3
 Mephitic Cloud           Conj/Pois/Air  38%        N/A       32%         3
 Summon Guardian Golem    Hex/Summ       38%        N/A       32%         3
 Tukima's Dance           Hex            38%        N/A       32%         3
 Ice Form                 Ice/Tmut       52%        N/A       43%         4
 Hydra Form               Tmut           31%        N/A       50%         5
 Airstrike                Air            19%        N/A       71%         4
 Animate Dead             Necr           19%        N/A       71%         4
 Cause Fear               Hex            19%        N/A       71%         4
 Dispel Undead            Necr           38%        3d16      71%         4
 Fulminant Prism          Conj/Hex       19%        3d11      71%         4
 Olgreb's Toxic Radiance  Pois           38%        N/A       71%         4
 Summon Ice Beast         Ice/Summ       38%        N/A       71%         4
 Summon Lightning Spire   Summ/Air       38%        N/A       71%         4
 Irradiate                Conj/Tmut      26%        3d22      78%         5
 Yara's Violent Unravell  Hex/Tmut       26%        3d11      78%         5
 Agony                    Necr           38%        N/A       96%         5
 Excruciating Wounds      Necr           19%        N/A       96%         5
 Fireball                 Conj/Fire      19%        3d9       96%         5
 Iskenderun's Battlesphe  Conj           38%        2d9       96%         5
 Lightning Bolt           Conj/Air       19%        1d33      96%         5
 Silence                  Hex/Air        19%        N/A       96%         5
 Summon Mana Viper        Hex/Summ       38%        N/A       96%         5
 Disjunction              Tloc           47%        N/A       98%         8
 Freezing Cloud           Conj/Ice/Air   19%        6-21      100%        6
 Starburst                Conj/Fire      19%        8x6d7     100%        6
 Orb of Destruction       Conj           19%        9d8       100%        7
 Spellforged Servitor     Conj/Summ      19%        N/A       100%        7
 Discord                  Hex            19%        N/A       100%        8
 Ignition                 Fire           19%        3d7       100%        8
 Dragon's Call            Summ           19%        N/A       100%        9
 Tornado                  Air            19%        N/A       100%        9
 Blink                    Tloc           Unusable   N/A       N/A         2
 Swiftness                Air            Unusable   N/A       N/A         3

Dungeon Overview and Level Annotations

Branches:
Dungeon (15/15)            Temple (0/1) D:7            Lair (6/6) D:9
 Shoals (4/4) Lair:4       Spider (4/4) Lair:2        Slime (0/5) Lair:5
    Orc (2/2) D:10            Elf (3/3) Orc:2        Vaults (5/5) D:13
  Crypt (0/3) Vaults:2     Depths (5/5) D:15            Zot (5/5) Depths:5
  Sewer (visited)           IceCv (visited)

Altars:
Ashenzari
Cheibriados
Fedhas
Kikubaaqudgha
Ru
Trog
Wu Jian
Zin
The Shining One
Beogh
Jiyva

Shops:
D:9 !   D:10 [   D:12 [   D:14 *   Orc:2 [(!((   Elf:1 *(!   Vaults:2 (
Vaults:5 ??!   Zot:5 *   Depths:1 =   Depths:3 ?**

Portals:
Hell: Depths:1 Depths:2 Depths:3 Depths:5
Abyss: Depths:2 Depths:4 Depths:5
Pandemonium: Depths:3 Depths:5
Ziggurat: Depths:2

Annotations:
D:4 exclusion: door
Shoals:1 1 transporter
Shoals:2 3 exclusions
Orc:2 exclusion: 2 upstairs
Elf:2 3 runed translucent doors
Vaults:4 3 runed translucent doors, Baqim's ghost, adept MiBe
Depths:4 1 exclusion
Abyss:1 Frances


Innate Abilities, Weirdness & Mutations

You cannot be hasted, slowed, berserked, paralysed or teleported.
You can dig through walls and to a lower floor.
You have a pair of large antennae on your head. (SInv)
Your four strong arms can wield two-handed weapons with a shield.
You have a beak for a mouth.


Message History

An efreet comes into view.
It is wielding a +3 scimitar of flaming.
There is a stone staircase leading down here.
You slash the efreet!
Mutagenic energy flows through the plutonium sword!
The efreet's body twists unnaturally.
The efreet twists and deforms.
The efreet is moderately wounded.
You slice the efreet!! You peck the efreet.
You kill the efreet!
No target in view!
(D) Dungeon (T) Temple (L) Lair (A) Shoals (N) Spider Nest (M) Slime Pits (O) Orcish Mines (E) Elven Halls (V) Vaults (C) Crypt (U) Depths (H) Hell (Z) Zot
Where to? (Enter - D:1, ? - help) HP restored.
Magic restored.
There is a stone staircase leading up here.
You climb upwards.
There is a stone staircase leading down here.
There is a stone staircase leading up here.
You climb upwards.
There is a stone staircase leading down here.
(D) Dungeon (T) Temple (L) Lair (A) Shoals (N) Spider Nest (M) Slime Pits (O) Orcish Mines (E) Elven Halls (V) Vaults (C) Crypt (U) Depths (H) Hell (Z) Zot
Where to? (Enter - D:1, ? - help)
What level of the Dungeon? (default 1, ? - help) You're already here!
Casting: Shatter (dangerous; 17% risk of failure)
Confirm with . or Enter, or press ? or * to list all spells.
The dungeon rumbles!
Ka-crash!
You see here a +0 leather armour.
You sense a monster nearby.
Ewnomay comes into view.
Press: ? - help, v - describe, . - travel
Here: Ewnomay The floor.
There is a staircase leading out of the dungeon here.
You have escaped!

.####.######.##### #......#
.............# #......#
#####.##################......#
......&{...............#.######
........{..............#.#
...#####.{.####...##...#.# ###
..{# #...# #...##...#.# #.# ...#
#...####........#.# #.#
...#####...&....@......#)####.###
.......................#.........
.{...........#######...#.####....
.....#####...# #...#.# #.###
##...# #...# #...#.# #..PP #...#
#...# #...#.# ##.P♣.
##...#####...#######...#.# #.P♣.P
.......................#.###..♣_P
.......................#.......♣♣


You could see Ewnomay.

Vanquished Creatures
  2 dread liches
  6 ancient liches
  Mara (Vaults:3)
  3 orbs of fire
  A pandemonium lord (Zot:3)
  Saint Roka (Abyss:1)
  7 Killer Klowns
  Frederick (Vaults:5)
  A curse toe (Zot:3)
  9 golden dragons
  2 bone dragons
  3 electric golems
  A hellephant (Zot:4)
  Jorgrun (D:15)
  A Tzitzimitl (Depths:2)
  6 liches
  26 Orb Guardians
  22 tentacled monstrosities
  5 quicksilver dragons
  8 titans
  A deep elf master archer (Elf:3)
  A deep elf blademaster (Elf:3)
  An Executioner (Zot:5)
  13 death cobs
  An ancient champion (Depths:1)
  A tentacled starspawn (Abyss:1)
  7 storm dragons
  Polyphemus (Shoals:2)
  3 sphinxes
  12 draconian monks
  The ghost of Lesou the Bludgeoner, an adept FoAK of Lugonu (Shoals:1)
  11 shadow dragons
  4 tengu reavers
  Ilsuiw (Shoals:4)
  A revenant (Vaults:2)
  5 draconian knights
  4 draconian scorchers
  5 iron dragons
  11 deep elf sorcerers
  5 fire giants
  2 spectral juggernauts
  7 emperor scorpions
  A juggernaut zombie (Depths:2)
  4 deep elf elementalists (Elf:3)
  3 draconian shifters
  Louise (Depths:4)
  3 orc warlords
  10 vault wardens
  2 ghost moths
  9 frost giants
  4 draconian stormcallers
  3 spectral caustic shrikes (Depths:2)
  2 spriggan defenders (Depths:2)
  9 draconian annihilators
  2 caustic shrike skeletons
  23 ironbound preservers
  47 very ugly things
  8 vampire knights
  7 war gargoyles
  11 green draconians
  16 stone giants
  17 yellow draconians
  12 black draconians
  5 deep elf annihilators (Elf:3)
  A spectral titan (Depths:1)
  4 entropy weavers
  9 deep elf demonologists
  17 white draconians
  14 purple draconians
  14 red draconians
  4 dire elephants
  An entropy weaver (shapeshifter) (Vaults:5)
  A bunyip (Zot:4)
  An eidolon (Abyss:1)
  A green death (Zot:3)
  2 blizzard demons
  5 merfolk javelineers
  19 spark wasps
  A spectral kraken (Shoals:1)
  17 deep elf death magi
  8 ettins
  10 merfolk impalers
  A spectral golden dragon (Depths:2)
  9 fire dragons
  15 yaktaur captains
  13 deep elf high priests
  3 boulder beetles
  4 great orbs of eyes
  Fannar (D:11)
  4 ironbound thunderhulks
  42 vault guards
  A caustic shrike simulacrum (Depths:2)
  4 rakshasas
  A monstrous demonspawn (Zot:3)
  4 merfolk avatars
  3 hell beasts
  9 hydras
  2 ogre magi (Vaults:2)
  A peacekeeper (Vaults:3)
  4 spectral tengu
  7 ironbound frosthearts
  2 spectral sphinxes
  11 ice dragons
  Erica (Lair:1)
  A death knight (Depths:3)
  3 spriggan air magi
  2 spectral frost giants
  3 centaur warriors
  8 merfolk aquamancers
  A juggernaut simulacrum (Depths:1)
  3 satyrs
  9 dancing weapons
  8 death scarabs (Spider:4)
  An alligator snapping turtle (Shoals:1)
  9 two-headed ogres
  13 deep troll shamans
  4 tengu warriors
  An alligator (shapeshifter) (Depths:4)
  2 death yaks (Shoals:2)
  A shock serpent (shapeshifter) (Vaults:2)
  A thrashing horror (Abyss:1)
  3 spectral storm dragons (Depths:2)
  2 vampire magi
  7 deep troll earth magi
  16 hell knights
  3 spriggan berserkers
  2 sun demons
  2 sixfirhies (Abyss:1)
  11 deep elf knights
  5 ironbound beastmasters
  3 wretched stars (Abyss:1)
  A fire crab (Lair:2)
  5 iron trolls
  3 spectral elves
  A spectral spark wasp (Depths:2)
  13 skeletal warriors
  2 soul eaters
  6 sea snakes
  A spectral spriggan (Abyss:1)
  4 death drakes
  A shadow demon (Depths:5)
  10 glowing orange brains
  A spriggan druid (Depths:1)
  83 deep trolls
  A quicksilver dragon simulacrum (Depths:2)
  A shadow wraith (Depths:4)
  2 spectral wolf spiders (Spider:4)
  2 orange crystal statues
  A golden dragon zombie (Depths:4)
  3 deep elf archers (Elf:1)
  9 wizards
  A spectral iron dragon (Depths:2)
  7 flayed ghosts
  Pikel (D:6)
  14 deep elf zephyrmancers
  8 phantasmal warriors
  21 wolf spiders
  2 lindwurms
  A lindwurm (shapeshifter) (D:15)
  35 harpies
  13 ironbound convokers
  4 orc sorcerers
  6 orc knights
  11 fauns
  5 necromancers
  11 orb spiders
  19 deep elf pyromancers
  53 ugly things
  20 manticores
  A glowing shapeshifter (Vaults:5)
  A wolf spider (shapeshifter) (Depths:5)
  7 cyclopes
  A salamander (D:15)
  A manticore (shapeshifter) (Vaults:2)
  3 sphinx skeletons
  4 water nymphs
  17 elephants
  2 black mambas
  2 spectral ettins (Depths:1)
  A black mamba (shapeshifter) (Elf:1)
  35 moths of wrath
  15 vault sentinels
  2 ice statues (IceCv)
  An elephant (shapeshifter) (Depths:1)
  3 titan simulacra (Depths:2)
  6 smoke demons (Abyss:1)
  11 merfolk sirens
  2 gargoyles
  A torpor snail (Spider:3)
  2 orange demons
  2 guardian serpents (shapeshifter) (Vaults:5)
  Maggie (Lair:1)
  A spectral sea snake (Shoals:1)
  23 cane toads
  2 kobold demonologists (D:10)
  A storm dragon simulacrum (Depths:2)
  A molten gargoyle (Depths:3)
  A freezing wraith (Vaults:5)
  A yaktaur (shapeshifter) (Elf:2)
  6 spectral redbacks (Spider:4)
  An efreet (D:3)
  An unseen horror (D:12)
  A rime drake (shapeshifter) (Vaults:5)
  12 rime drakes
  28 yaktaurs
  A redback zombie (Spider:4)
  13 ice devils
  3 tengu conjurers
  A spectral human (Depths:1)
  12 demonic crawlers
  2 golden dragon simulacra
  A yaktaur skeleton (Vaults:3)
  2 anaconda simulacra (IceCv)
  2 hellwings (Abyss:1)
  14 komodo dragons
  3 ancient zymes (Abyss:1)
  38 merfolk
  41 jumping spiders
  2 polar bears
  6 meliai
  2 queen bees
  A tengu simulacrum (Vaults:3)
  A troll (shapeshifter) (D:15)
  5 trolls
  2 spectral jumping spiders (Spider:4)
  3 tyrant leeches
  8 hornets
  2 spectral tarantellas (Spider:4)
  A jumping spider zombie (Spider:4)
  10 wind drakes
  An iron dragon simulacrum (Depths:2)
  2 shadow dragon simulacra (Depths:2)
  4 dream sheep
  14 snapping turtles
  27 slime creatures
  33 blink frogs
  An ettin zombie (Vaults:3)
  2 ynoxinuls (Abyss:1)
  3 air elementals
  2 redbacks (shapeshifter)
  A tarantella zombie (Spider:4)
  A human simulacrum (Vaults:3)
  6 flying skulls (Abyss:1)
  69 redbacks
  A dire elephant simulacrum (IceCv)
  23 water elementals
  7 wyverns
  4 wraiths
  A human (shapeshifter) (Abyss:1)
  57 yaks
  31 tarantellas
  2 fire elementals (Elf:3)
  5 basilisks
  6 golden eyes (D:6)
  2 hogs (shapeshifter)
  2 steam dragons (Shoals:1)
  A neqoxec (Depths:5)
  9 vampire mosquitoes
  A spriggan simulacrum (Depths:2)
  8 wargs
  A harpy simulacrum (IceCv)
  3 acid dragons
  2 nagas (D:14)
  2 iron troll simulacra (IceCv)
  A floating eye (shapeshifter) (Depths:4)
  15 water moccasins
  A hydra simulacrum (IceCv)
  3 spectral snapping turtles
  Duvessa (D:5)
  A spectral hornet (Spider:4)
  An ice beast (shapeshifter) (D:13)
  4 floating eyes
  8 large abominations
  36 orc warriors
  3 black bears
  2 hornet zombies (Spider:4)
  Purgy (Sewer)
  3 sky beasts
  A tengu (shapeshifter) (Vaults:5)
  An ettin simulacrum (IceCv)
  A fire dragon simulacrum (Depths:1)
  An ice beast (D:5)
  A boggart (shapeshifter) (Vaults:2)
  3 boggarts (Vaults:2)
  10 ogres
  3 small abominations (Abyss:1)
  14 wolves
  8 centaurs
  A lemure (D:6)
  4 elf simulacra (Depths:2)
  A kobold brigand (D:10)
  20 bullfrogs
  A scorpion (D:4)
  A gnoll sergeant (D:9)
  2 earth elementals
  Dowan (D:5)
  2 glowing shapeshifter simulacra (Depths:2)
  58 killer bees
  5 electric eels
  4 wights (D:6)
  3 howler monkeys
  A quasit (Abyss:1)
  4 centaur zombies
  A jelly (D:3)
  A hound (D:5)
  24 orc priests
  5 iguanas
  Ijyb (D:5)
  34 orc wizards
  5 hell rats (Lair:3)
  2 howler monkey zombies
  11 gnolls
  A howler monkey skeleton (D:7)
  9 adders
  3 shadow imps (Abyss:1)
  2 ufetubi (Abyss:1)
  2 adder zombies (D:5)
  2 adder skeletons (D:4)
  4 worms
  4 dart slugs
  107 orcs
  9 endoplasms
  A giant cockroach (D:1)
  4 hobgoblins
  16 jackals
  6 quokkas
  12 ball pythons
  15 bats
  8 goblins
  7 kobolds
  4 rats (D:3)
  2 plants (Shoals:1)
  7 tentacles (Shoals:1)
2431 creatures vanquished.

Vanquished Creatures (collateral kills)
  A deep elf sorcerer (Vaults:2)
  An ice dragon (Depths:4)
  A faun (Shoals:2)
  An eye of devastation (Vaults:2)
  2 merfolk (Shoals:2)
6 creatures vanquished.

Vanquished Creatures (others)
  A fire giant (Depths:2)
  A draconian knight (Depths:5)
  A black draconian (Zot:1)
  A spark wasp (Depths:2)
  A merfolk aquamancer (Shoals:1)
  A hell knight (Depths:3)
  2 deep elf zephyrmancers
  A deep elf pyromancer (Elf:1)
  2 redbacks
  An earth elemental (Elf:1)
  38 fungi
  332 plants
  2 starspawn tentacles (Abyss:1)
  37 tentacles
  A withered plant (D:10)
422 creatures vanquished.

Grand Total: 2859 creatures vanquished

Notes
Turn   | Place    | Note
-------+----------+-------------------------------------------
     0 | Abyss:1  | celly00 the Formicid Abyssal Knight began the quest for the
                  | Orb.
     0 | Abyss:1  | Reached XP level 1. HP: 18/18 MP: 2/2
     6 | Abyss:1  | Noticed a thrashing horror
    11 | D:1      | Escaped the Abyss
   246 | D:1      | Reached * piety under Lugonu
   247 | D:1      | Reached XP level 2. HP: 19/24 MP: 3/3
   454 | D:1      | Found a faded altar of an unknown god.
   859 | D:1      | Reached XP level 3. HP: 30/30 MP: 4/4
  1588 | D:1      | Reached XP level 4. HP: 32/37 MP: 5/5
  1596 | D:1      | Reached ** piety under Lugonu
  2964 | D:3      | Reached XP level 5. HP: 43/43 MP: 6/6
  3351 | D:3      | Reached *** piety under Lugonu
  3599 | D:3      | Found an ornate altar of the Wu Jian Council.
  3802 | D:4      | Noticed an ogre
  3826 | D:4      | Found a glowing golden altar of the Shining One.
  3853 | D:4      | Reached XP level 6. HP: 37/50 MP: 7/7
  3999 | D:4      | Found a glowing drain.
  4016 | Sewer    | Entered a sewer
  4112 | Sewer    | Noticed Purgy
  4120 | Sewer    | Killed Purgy
  4121 | Sewer    | Reached skill level 5 in Fighting
  4430 | D:4      | Found a glowing silver altar of Zin.
  4489 | D:4      | Noticed a sky beast
  4495 | D:4      | Killed a sky beast
  4496 | D:4      | Reached XP level 7. HP: 56/56 MP: 8/8
  4765 | D:5      | Entered Level 5 of the Dungeon
  4822 | D:4      | Reached skill level 5 in Armour
  4871 | D:5      | Noticed Ijyb
  4886 | D:5      | Killed Ijyb
  4969 | D:5      | Reached skill level 5 in Long Blades
  4969 | D:5      | Reached XP level 8. HP: 64/64 MP: 9/11
  5229 | D:5      | Noticed Duvessa
  5229 | D:5      | Noticed Dowan
  5235 | D:5      | Killed Duvessa
  5237 | D:5      | Killed Dowan
  5238 | D:5      | Reached skill level 5 in Invocations
  5939 | D:5      | Reached XP level 9. HP: 68/74 MP: 12/14
  5965 | D:6      | Reached **** piety under Lugonu
  6073 | D:6      | Noticed Pikel
  6086 | D:6      | Killed Pikel
  6090 | D:6      | Identified the +6 war axe of the Hierophant {freeze, rN+}
  6218 | D:6      | Reached skill level 1 in Axes
  6333 | D:6      | Reached skill level 1 in Stealth
  6333 | D:6      | Reached XP level 10. HP: 80/80 MP: 16/16
  6425 | D:6      | Identified the +0 cloak "Neclent" {rElec Str+2 Int+8 Dex-3}
  6870 | D:7      | Reached skill level 5 in Dodging
  7058 | D:7      | Noticed a gargoyle
  7070 | D:7      | Killed a gargoyle
  7354 | D:7      | Found a staircase to the Ecumenical Temple.
  7803 | D:8      | Noticed a two-headed ogre
  8579 | D:8      | Reached skill level 1 in Evocations
  8711 | D:8      | Found a broken altar of Ashenzari.
  8863 | D:8      | Killed a two-headed ogre
  8946 | D:9      | Found Bieroili's Distillery.
  8949 | D:9      | Reached skill level 5 in Throwing
  9123 | D:9      | Bought a potion of heal wounds for 60 gold pieces
  9123 | D:9      | Bought a potion of invisibility for 96 gold pieces
  9229 | D:8      | Reached XP level 11. HP: 75/86 MP: 17/17
  9349 | D:9      | Noticed a two-headed ogre
  9354 | D:9      | Killed a two-headed ogre
  9390 | D:9      | Reached skill level 5 in Evocations
  9590 | D:9      | Reached ***** piety under Lugonu
  9780 | D:9      | Found a staircase to the Lair.
  9935 | D:9      | Found an ancient bone altar of Kikubaaqudgha.
  9935 | D:9      | Found a blossoming altar of Fedhas.
 10109 | D:10     | Entered Level 10 of the Dungeon
 10178 | D:10     | Found a sacrificial altar of Ru.
 10734 | D:10     | Found a staircase to the Orcish Mines.
 10761 | D:10     | Found Qommir's Armour Shop.
 12413 | D:10     | Reached skill level 10 in Fighting
 13145 | D:11     | Noticed a cyclops
 13150 | D:11     | Killed a cyclops
 13151 | D:11     | Reached XP level 12. HP: 84/97 MP: 18/18
 13251 | D:11     | Noticed a two-headed ogre
 13257 | D:11     | Killed a two-headed ogre
 13860 | D:12     | Noticed Fannar
 13891 | D:11     | Killed Fannar
 13957 | Lair:1   | Entered Level 1 of the Lair of Beasts
 14544 | Lair:1   | Noticed Maggie
 14548 | Lair:1   | Killed Maggie
 14554 | Lair:1   | Reached skill level 10 in Invocations
 14630 | Lair:1   | Noticed Erica
 14639 | Lair:1   | Killed Erica
 14937 | Lair:1   | Reached skill level 10 in Long Blades
 15649 | Lair:1   | Reached XP level 13. HP: 89/103 MP: 20/20
 15814 | Lair:1   | Noticed a four-headed hydra
 15818 | Lair:1   | Killed a four-headed hydra
 16110 | Lair:2   | Noticed a seven-headed hydra
 16133 | Lair:2   | Found a hole to the Spider Nest.
 17422 | Lair:2   | Noticed a four-headed hydra
 17430 | Lair:2   | Killed a four-headed hydra
 17621 | Lair:2   | Noticed a six-headed hydra
 17621 | Lair:2   | Noticed a five-headed hydra
 17645 | Lair:1   | Killed a five-headed hydra
 17976 | Lair:2   | Killed a six-headed hydra
 18105 | Lair:2   | Reached ****** piety under Lugonu
 18341 | Lair:2   | Noticed a seven-headed hydra
 18351 | Lair:2   | Killed a seven-headed hydra
 18617 | Lair:2   | Identified a +4 great sword of distortion (a +2 great sword
                  | of freezing corrupted by Lugonu)
 18617 | Lair:2   | Received a gift from Lugonu
 18955 | Lair:3   | Noticed a four-headed hydra
 18963 | Lair:3   | Killed a four-headed hydra
 19070 | Lair:3   | Killed a seven-headed hydra
 19325 | Lair:3   | Reached XP level 14. HP: 88/110 MP: 21/21
 19934 | Lair:4   | Reached skill level 15 in Long Blades
 19935 | Lair:4   | Found a staircase to the Shoals.
 20230 | Lair:4   | You fall into a shaft and drop 1 floor!
 22259 | Lair:5   | Found a staircase to the Slime Pits.
 22259 | Lair:5   | Found a viscous altar of Jiyva.
 23159 | Lair:6   | Entered Level 6 of the Lair of Beasts
 23245 | Lair:5   | Reached XP level 15. HP: 85/115 MP: 22/22
 25629 | Lair:6   | Identified the Almanac of the Aerial Entourage
 25956 | Orc:1    | Entered Level 1 of the Orcish Mines
 26042 | Orc:2    | Entered Level 2 of the Orcish Mines
 26042 | Orc:2    | Noticed Saint Roka
 26045 | Orc:2    | Banished Saint Roka
 26584 | Orc:2    | Found a staircase to the Elven Halls.
 27256 | Orc:2    | Found Ogyneq's Weapon Shop.
 27745 | Orc:2    | Found Erer Foph's Distillery.
 27750 | Orc:2    | Bought a potion of heal wounds for 90 gold pieces
 27899 | Orc:2    | Reached XP level 16. HP: 122/126 MP: 24/24
 28044 | Orc:2    | Found Opia's Weapon Shoppe.
 29078 | Orc:2    | Found Telit's Antique Weapon Shoppe.
 29080 | Orc:2    | Found Itiwkocu's Antique Armour Emporium.
 29296 | Spider:1 | Entered Level 1 of the Spider Nest
 29691 | D:9      | Bought a potion of curing for 36 gold pieces
 29691 | D:9      | Bought a potion of curing for 36 gold pieces
 29691 | D:9      | Bought a potion of curing for 36 gold pieces
 30273 | Spider:1 | Identified the +9 falchion of Equilibrium {vorpal, Str+2
                  | Int+4}
 30892 | Spider:2 | Noticed Frances
 31436 | Spider:2 | Reached skill level 5 in Shields
 32102 | Spider:2 | Banished Frances
 32539 | Spider:2 | You fall into a shaft and drop 1 floor!
 33094 | Spider:3 | Found a frozen archway.
 33104 | IceCv    | Entered an ice cave
 33665 | IceCv    | Reached XP level 17. HP: 102/133 MP: 26/26
 34427 | IceCv    | Noticed an Ice Fiend
 34439 | IceCv    | Banished an Ice Fiend
 34441 | IceCv    | Found the +6 lightning scales {swift rElec}
 34459 | IceCv    | Identified a scroll of acquirement
 34460 | IceCv    | Acquired the ring "Aklieruh" {Will+ Str+4 Dex+6}
 35443 | Spider:3 | Reached skill level 10 in Shields
 36670 | Spider:4 | Entered Level 4 of the Spider Nest
 38132 | Spider:4 | Reached XP level 18. HP: 140/140 MP: 27/27
 39350 | Spider:4 | Got a gossamer rune of Zot
 39676 | Elf:1    | Entered Level 1 of the Elven Halls
 40316 | Elf:1    | Found Wamoni's Distillery.
 40318 | Elf:1    | Found Lokoicai's Antique Weapon Emporium.
 40321 | Elf:1    | Found Polahuga's General Store.
 40332 | Elf:1    | Bought a potion of resistance for 150 gold pieces
 40332 | Elf:1    | Bought 2 potions of cancellation for 240 gold pieces
 40332 | Elf:1    | Bought a potion of heal wounds for 75 gold pieces
 40332 | Elf:1    | Bought 2 potions of curing for 90 gold pieces
 40332 | Elf:1    | Bought a potion of curing for 45 gold pieces
 40539 | Elf:1    | Reached skill level 10 in Armour
 41038 | D:12     | Found an ancient bone altar of Kikubaaqudgha.
 41263 | D:12     | Found Kiyp's Antique Armour Emporium.
 41272 | D:12     | Reached XP level 19. HP: 146/146 MP: 28/28
 41621 | D:13     | Reached skill level 15 in Shields
 41687 | D:13     | Found a gate to the Vaults.
 42858 | D:14     | Found Doowui's Serpentskin Sales.
 43064 | D:15     | Entered Level 15 of the Dungeon
 43188 | D:15     | Found a staircase to the Depths.
 43282 | D:15     | Noticed Jorgrun
 43286 | D:15     | Killed Jorgrun
 44042 | Elf:2    | Identified the +0 plate armour of the Endless Expanse
                  | {rElec Int+4 Dex-4 Slay+2}
 44102 | Elf:2    | Reached skill level 10 in Dodging
 44201 | Elf:2    | Found a runed translucent gate.
 44201 | Elf:2    | Found a runed translucent gate.
 44202 | Elf:2    | Found a runed translucent gate.
 44466 | Elf:3    | Entered Level 3 of the Elven Halls
 45512 | Elf:3    | Identified the +2 robe of the Iron Devil {Harm rC+}
 45512 | Elf:3    | Noticed a deep elf blademaster
 45520 | Elf:3    | Killed a deep elf blademaster
 45530 | Elf:3    | Identified the ring "Opuoq" {Will+ Dex+4}
 45609 | Elf:3    | Reached XP level 20. HP: 155/157 MP: 29/29
 46125 | Elf:3    | Identified the amulet of the Illusory Olives {Faith Dex+4}
 46184 | Elf:3    | Identified the +1 chain mail "Tyusaveff" {rPois Str+4
                  | Dex+2}
 46300 | Elf:3    | Identified the +10 quarterstaff of Painful Death {spect,
                  | rC+ Int-3 Dex+4}
 46561 | Elf:3    | Identified the +8 hand crossbow of the Demagogue {elec,
                  | +Blink}
 47077 | Elf:3    | Learned a level 2 spell: Passwall
 47165 | Elf:3    | Learned a level 4 spell: Passage of Golubria
 47600 | Shoals:1 | Entered Level 1 of the Shoals
 47600 | Shoals:1 | Found a transporter.
 47609 | Shoals:1 | Reached skill level 1 in Earth Magic
 47624 | Shoals:1 | Found a transporter.
 47629 | Shoals:1 | Noticed Lesou's ghost (adept FoAK)
 47645 | Shoals:1 | Reached skill level 1 in Transmutations
 47650 | Shoals:1 | Reached skill level 1 in Spellcasting
 47771 | Shoals:1 | Reached skill level 1 in Translocations
 47872 | Shoals:1 | Reached skill level 2 in Earth Magic
 48710 | Shoals:2 | Reached skill level 3 in Earth Magic
 48799 | Shoals:2 | Noticed Polyphemus
 48977 | Shoals:2 | Killed Polyphemus
 49169 | Shoals:2 | Reached skill level 4 in Earth Magic
 49605 | Shoals:2 | Reached XP level 21. HP: 158/167 MP: 30/30
 50127 | Shoals:3 | Reached skill level 15 in Fighting
 50132 | Shoals:3 | Reached skill level 5 in Translocations
 50367 | Shoals:3 | Reached skill level 5 in Earth Magic
 50943 | Shoals:3 | Reached skill level 6 in Earth Magic
 51289 | Shoals:4 | Entered Level 4 of the Shoals
 51925 | Shoals:4 | Identified the +2 leather armour of the Wheelwright {rN+
                  | Regen+ Dex+3}
 53489 | Shoals:4 | Noticed Ilsuiw
 53516 | Shoals:4 | Killed Ilsuiw
 53768 | Shoals:4 | Got a barnacled rune of Zot
 54139 | Shoals:4 | Learned a level 1 spell: Apportation
 54145 | Shoals:4 | Learned a level 5 spell: Manifold Assault
 54155 | Shoals:4 | Learned a level 9 spell: Shatter
 54466 | Vaults:1 | Entered Level 1 of the Vaults
 54922 | Vaults:1 | Reached XP level 22. HP: 166/175 MP: 31/31
 54930 | Vaults:1 | Reached skill level 10 in Translocations
 55045 | Vaults:1 | Reached skill level 15 in Armour
 55269 | Vaults:1 | Found a portal to a secret trove of treasure.
 55932 | Vaults:2 | You fall into a shaft and drop 2 floors!
 56049 | Vaults:2 | Found Kune's Antique Weapon Shoppe.
 57151 | Vaults:2 | Reached XP level 23. HP: 154/181 MP: 32/32
 57661 | Vaults:2 | Found a staircase to the Crypt.
 57969 | Vaults:2 | Identified the +8 mace "Gram" {speed, Contam Int+6}
 58309 | Vaults:2 | Noticed a golden dragon
 58325 | Vaults:2 | Killed a golden dragon
 58427 | Vaults:2 | Reached skill level 5 in Stealth
 58439 | Vaults:2 | Identified the +6 scale mail of True Grit {Int+3}
 59021 | Vaults:3 | Noticed Mara
 59026 | Vaults:3 | Noticed celly00's illusion
 59187 | Vaults:3 | Noticed celly00's illusion
 59196 | Vaults:3 | Killed Mara
 60192 | Vaults:3 | Reached XP level 24. HP: 174/188 MP: 33/33
 60204 | Vaults:3 | Reached skill level 10 in Evocations
 61224 | Vaults:4 | Found a runed translucent gate.
 61224 | Vaults:4 | Found a runed translucent gate.
 61314 | Vaults:4 | Found a runed translucent gate.
 61316 | Vaults:4 | Noticed Baqim's ghost (adept MiBe)
 61412 | Vaults:4 | Identified the +4 arbalest "Celida" {elec, +Blink}
 61493 | Vaults:3 | Reached skill level 7 in Earth Magic
 61579 | Vaults:3 | Reached skill level 8 in Earth Magic
 61815 | Vaults:4 | Reached skill level 9 in Earth Magic
 61849 | Vaults:4 | Identified the +11 hand axe "Newtslayer" {vorpal, rF+}
 62300 | Vaults:4 | Reached skill level 10 in Earth Magic
 62729 | Depths:1 | Entered Level 1 of the Depths
 62801 | D:15     | Reached skill level 11 in Earth Magic
 63037 | Depths:1 | Found Jostidera's Jewellery Shoppe.
 63092 | Depths:1 | Bought the ring "Jatacs" {rF+ rC+ Dex+2} for 475 gold
                  | pieces
 63111 | Depths:1 | Reached skill level 12 in Earth Magic
 63460 | Depths:1 | Reached skill level 13 in Earth Magic
 63522 | Depths:1 | Reached XP level 25. HP: 175/194 MP: 33/33
 63724 | Depths:1 | Identified Jyaram's Reference Book on the Mutagenic Glacier
 63763 | Depths:1 | Reached skill level 14 in Earth Magic
 64055 | Depths:1 | Identified the +6 hunting sling of Voashu {venom, rCorr
                  | Str+2 Dex-5}
 64442 | Depths:1 | Reached skill level 15 in Earth Magic
 64682 | Depths:1 | Found a gateway to Hell.
 64740 | Depths:1 | Found a bloodstained altar of Trog.
 65256 | Depths:1 | Reached skill level 16 in Earth Magic
 66158 | Depths:2 | Found the ring of the Tortoise {AC+8}
 66175 | Depths:2 | Reached skill level 17 in Earth Magic
 66192 | Depths:2 | Identified the +3 ring mail "Ustrearu" {Str-5 Int-2 Slay+5
                  | Stlth+}
 66718 | Depths:2 | Identified the ring "Kimats" {*Corrode rC++ Will+ AC+4
                  | SInv}
 66745 | Depths:2 | Reached skill level 18 in Earth Magic
 67020 | Depths:2 | Found a gateway to a ziggurat.
 67173 | Depths:2 | Reached XP level 26. HP: 135/196 MP: 33/33
 67353 | Depths:2 | Reached skill level 19 in Earth Magic
 67542 | Depths:2 | Learned a level 5 spell: Lee's Rapid Deconstruction
 67622 | Depths:2 | Reached XP level 27. HP: 206/206 MP: 33/33
 67698 | Depths:2 | Reached skill level 20 in Earth Magic
 67745 | Depths:2 | Found a one-way gate to the infinite horrors of the Abyss.
 68673 | Depths:3 | Found a one-way gate leading to the halls of Pandemonium.
 68754 | Depths:3 | Reached skill level 21 in Earth Magic
 69662 | Depths:3 | Found Miabeum's General Store.
 69662 | Depths:3 | Found Fiesilod's Assorted Antiques.
 69663 | Depths:3 | Found Ingam's General Store.
 69665 | Depths:3 | Found Jesymnea's Magic Scroll Boutique.
 69988 | Depths:4 | Identified the ring "Foinaw" {rElec rN+ Stlth+}
 69999 | Depths:4 | Noticed Louise
 70006 | Depths:4 | Killed Louise
 70061 | Depths:4 | Identified the ring of Dauxt {Wiz rPois}
 70217 | Depths:4 | Reached skill level 22 in Earth Magic
 70332 | Depths:4 | Noticed a dread lich
 70487 | Depths:4 | Acquired the +0 pair of gloves "Pirusor" {Str+3 Dex+4 SInv}
 70525 | Depths:4 | Killed a dread lich
 70754 | Depths:4 | Found a runed translucent door.
 70766 | Depths:4 | Found a runed translucent door.
 71358 | Depths:4 | Reached skill level 23 in Earth Magic
 71452 | Depths:4 | Identified Kikubaaqudgha's Catalogue of Unholy Magic
 72279 | Depths:4 | Identified the +2 pair of boots of the Pits of Slime {Fly
                  | rCorr}
 72937 | Depths:4 | Reached skill level 24 in Earth Magic
 73047 | Depths:4 | Reached skill level 5 in Spellcasting
 73264 | Depths:5 | Entered Level 5 of the Depths
 73616 | Depths:5 | Found a snail-covered altar of Cheibriados.
 74972 | Depths:5 | Found a snail-covered altar of Cheibriados.
 75926 | Depths:5 | Voluntarily entered the Abyss.
 75970 | Depths:5 | Escaped the Abyss
 76056 | Depths:5 | Voluntarily entered the Abyss.
 76104 | Abyss:1  | Reached skill level 25 in Earth Magic
 76409 | Abyss:1  | Killed Saint Roka
 76575 | Abyss:1  | Noticed an ancient lich
 76577 | Abyss:1  | Reached skill level 10 in Spellcasting
 76579 | Depths:5 | Escaped the Abyss
 76872 | D:12     | Bought runed fire dragon scales for 1764 gold pieces
 76983 | Vaults:1 | You paid a toll of +3 fire dragon scales to enter a
                  | treasure trove
 76984 | Trove    | Entered a treasure trove
 76989 | Trove    | Identified the ring "Hidago" {Fire Will- Int+7 SInv}
 77000 | Trove    | Identified the +0 pair of boots of the Manifold Lives
                  | {Int+3}
 77204 | Depths:1 | Bought the ring "Babluino" {Int+6 Dex+8 Stlth-} for 889
                  | gold pieces
 77681 | Shoals:1 | Killed Lesou's ghost
 77887 | Shoals:1 | Identified the +4 whip of the Sky {freeze, Will++}
 77888 | Shoals:1 | Identified the ring "Qavos" {AC+4 Int+4}
 78467 | Vaults:5 | Entered Level 5 of the Vaults
 78644 | Vaults:5 | Reached skill level 26 in Earth Magic
 78647 | Vaults:5 | Noticed an ancient lich
 78649 | Vaults:5 | Noticed an ancient lich
 78832 | Vaults:5 | Killed an ancient lich
 78832 | Vaults:5 | Killed an ancient lich
 78970 | Vaults:5 | Noticed an ancient lich
 78976 | Vaults:5 | Killed an ancient lich
 79692 | Vaults:5 | Noticed an ancient lich
 79694 | Vaults:5 | Killed an ancient lich
 80148 | Vaults:5 | Reached skill level 27 in Earth Magic
 80338 | Vaults:5 | Noticed an ancient lich
 80339 | Vaults:5 | Killed an ancient lich
 81322 | Vaults:5 | Noticed Frederick
 81325 | Vaults:5 | Killed Frederick
 81326 | Vaults:5 | Reached skill level 15 in Spellcasting
 81511 | Vaults:5 | Found Jikeageu's Distillery.
 81520 | Vaults:5 | Bought a potion of heal wounds for 65 gold pieces
 81520 | Vaults:5 | Bought a potion of cancellation for 104 gold pieces
 81591 | Vaults:5 | Identified the +8 dagger "Ceoff" {vamp, rN+ Will+ Dex+4}
 81591 | Vaults:5 | Identified the amulet "Koasaji" {Spirit rPois rF+ Int+3}
 81742 | Vaults:5 | Identified the +7 hand crossbow of Saxyolail {penet,
                  | *Corrode Int+3}
 81993 | Vaults:5 | Found Goprew's Magic Scroll Shoppe.
 81993 | Vaults:5 | Found Xuamp's Magic Scroll Shop.
 81998 | Vaults:5 | Bought a scroll of summoning for 161 gold pieces
 81998 | Vaults:5 | Bought a scroll of magic mapping for 59 gold pieces
 82005 | Vaults:5 | Bought a scroll of magic mapping for 45 gold pieces
 82005 | Vaults:5 | Bought a scroll of enchant armour for 97 gold pieces
 82126 | Vaults:5 | Got a silver rune of Zot
 82127 | Vaults:5 | Identified Sif Muna's Disquisition on Supportive Evil Rites
 82345 | Vaults:5 | Identified the +4 glaive of Earthquakes {vorpal, rElec
                  | rPois Dex-4 SInv}
 82699 | Depths:5 | Found a gate to the Realm of Zot.
 82708 | Zot:1    | Entered Level 1 of the Realm of Zot
 86018 | Zot:1    | Gained mutation: Your magical capacity is low. (-10% MP)
                  | [potion of mutation]
 86018 | Zot:1    | Gained mutation: You are frail. (-10% HP) [potion of
                  | mutation]
 86018 | Zot:1    | Gained mutation: You evolve. [potion of mutation]
 86019 | Zot:1    | Lost mutation: You are frail. (-10% HP) [potion of
                  | mutation]
 86019 | Zot:1    | Lost mutation: Your magical capacity is low. (-10% MP)
                  | [potion of mutation]
 86019 | Zot:1    | Gained mutation: Your movements are slightly less
                  | encumbered by armour. (ER -2) [potion of mutation]
 86020 | Zot:1    | Lost mutation: You evolve. [potion of mutation]
 86020 | Zot:1    | Gained mutation: You have large cloven feet. [potion of
                  | mutation]
 86020 | Zot:1    | Gained mutation: Your muscles are strong. (Str +2) [potion
                  | of mutation]
 86021 | Zot:1    | Lost mutation: You have large cloven feet. [potion of
                  | mutation]
 86021 | Zot:1    | Lost mutation: Your muscles are strong. (Str +2) [potion of
                  | mutation]
 86021 | Zot:1    | Lost mutation: Your movements are slightly less encumbered
                  | by armour. (ER -2) [potion of mutation]
 86021 | Zot:1    | Gained mutation: You are weak. (Str -2) [potion of
                  | mutation]
 86021 | Zot:1    | Gained mutation: You have sharp toenails. [potion of
                  | mutation]
 86022 | Zot:1    | Lost mutation: You have sharp toenails. [potion of
                  | mutation]
 86022 | Zot:1    | Lost mutation: You are weak. (Str -2) [potion of mutation]
 86022 | Zot:1    | Gained mutation: You are covered in fur. (AC +1) [potion of
                  | mutation]
 86022 | Zot:1    | Gained mutation: You have large cloven feet. [potion of
                  | mutation]
 86023 | Zot:1    | Lost mutation: You have large cloven feet. [potion of
                  | mutation]
 86023 | Zot:1    | Gained mutation: You are frail. (-10% HP) [potion of
                  | mutation]
 86023 | Zot:1    | Gained mutation: You are clumsy. (Dex -2) [potion of
                  | mutation]
 86023 | Zot:1    | Gained mutation: You possess an exceptional clarity of
                  | mind. [potion of mutation]
 86024 | Zot:1    | Lost mutation: You are frail. (-10% HP) [potion of
                  | mutation]
 86024 | Zot:1    | Lost mutation: You possess an exceptional clarity of mind.
                  | [potion of mutation]
 86024 | Zot:1    | Gained mutation: You have an increased reservoir of magic.
                  | (+10% MP) [potion of mutation]
 86024 | Zot:1    | Gained mutation: Your muscles are strong. (Str +2) [potion
                  | of mutation]
 86024 | Zot:1    | Gained mutation: Armour fits poorly on your strangely
                  | shaped body. [potion of mutation]
 86025 | Zot:1    | Lost mutation: You are clumsy. (Dex -2) [potion of
                  | mutation]
 86025 | Zot:1    | Lost mutation: Armour fits poorly on your strangely shaped
                  | body. [potion of mutation]
 86025 | Zot:1    | Lost mutation: Your muscles are strong. (Str +2) [potion of
                  | mutation]
 86025 | Zot:1    | Gained mutation: You are robust. (+10% HP) [potion of
                  | mutation]
 86025 | Zot:1    | Gained mutation: Your spells are a little harder to cast,
                  | but a little more powerful. [potion of mutation]
 86351 | Zot:1    | Identified the +7 quarterstaff "Itusch" {vorpal, Str+4
                  | Int+3}
 88057 | Zot:2    | Escaped the Abyss
 90295 | Zot:2    | You fall into a shaft and drop 1 floor!
 90856 | Zot:2    | Identified the +0 ring mail "Dipeman" {rElec rN++}
 93315 | Orc:2    | Bought a potion of invisibility for 144 gold pieces
 93380 | Elf:1    | Bought a potion of brilliance for 60 gold pieces
 93498 | D:9      | Bought a potion of brilliance for 48 gold pieces
 95386 | Zot:5    | Entered Level 5 of the Realm of Zot
 95417 | Zot:5    | Identified the amulet of Pakhleysch {RegenMP Str+2}
 95529 | Zot:5    | Found Ruutsist's Changing Room.
 95544 | Zot:5    | Bought the +11 plutonium sword {Contam Stlth-} for 1400
                  | gold pieces
 95544 | Zot:5    | Found the +11 plutonium sword {Contam Stlth-}
 96819 | Zot:4    | Acquired 728 gold pieces
 97097 | Zot:5    | Noticed a dread lich
 97232 | Zot:4    | Killed a dread lich
 97356 | Zot:5    | Noticed an orb of fire
 97367 | Zot:5    | Noticed a Killer Klown
 97374 | Zot:5    | Killed an orb of fire
 97380 | Zot:5    | Noticed a Killer Klown
 97388 | Zot:4    | Killed a Killer Klown
 97572 | Zot:5    | Killed a Killer Klown
 97580 | Zot:5    | Noticed a Killer Klown
 97583 | Zot:5    | Killed a Killer Klown
 97733 | Zot:5    | Noticed an orb of fire
 97734 | Zot:5    | Noticed a Killer Klown
 97914 | Zot:4    | Gained mutation: Potions are less effective at restoring
                  | your health. [an orb of fire]
 97917 | Zot:4    | Lost mutation: You are robust. (+10% HP) [an orb of fire]
 97922 | Zot:4    | Gained mutation: Armour fits poorly on your strangely
                  | shaped body. [an orb of fire]
 97933 | Zot:4    | Killed an orb of fire
 97936 | Zot:4    | Lost mutation: Armour fits poorly on your strangely shaped
                  | body. [potion of mutation]
 97936 | Zot:4    | Lost mutation: Potions are less effective at restoring your
                  | health. [potion of mutation]
 97936 | Zot:4    | Lost mutation: Your spells are a little harder to cast, but
                  | a little more powerful. [potion of mutation]
 97936 | Zot:4    | Gained mutation: You are frail. (-10% HP) [potion of
                  | mutation]
 97937 | Zot:4    | Lost mutation: You are frail. (-10% HP) [potion of
                  | mutation]
 97937 | Zot:4    | Lost mutation: You are covered in fur. (AC +1) [potion of
                  | mutation]
 97937 | Zot:4    | Gained mutation: You have a beak for a mouth. [potion of
                  | mutation]
 98139 | Zot:5    | Killed a Killer Klown
 98467 | Zot:5    | Acquired a +2 kite shield of protection
 98499 | Zot:5    | Noticed a Killer Klown
 98504 | Zot:5    | Killed a Killer Klown
 98556 | Zot:5    | Noticed a Killer Klown
 98558 | Zot:5    | Killed a Killer Klown
 98777 | Zot:5    | Noticed an orb of fire
 98777 | Zot:5    | Noticed a Killer Klown
 98785 | Zot:5    | Lost mutation: You have an increased reservoir of magic.
                  | (+10% MP) [an orb of fire]
 98800 | Zot:5    | Killed an orb of fire
 98823 | Zot:5    | Killed a Killer Klown
 99033 | Zot:5    | Identified the ring of Jafuraeh {rF++ MP+9 Str-5 Int+5}
 99075 | Zot:5    | Noticed an ancient lich
 99089 | Zot:5    | Killed an ancient lich
 99776 | Zot:5    | Got the Orb of Zot
 99845 | Zot:3    | Noticed Faq Jadwada the pandemonium lord
 99865 | Zot:3    | Killed Faq Jadwada the pandemonium lord
100433 | D:1      | Noticed Ewnomay the pandemonium lord
100440 | D:$      | Escaped with the Orb!

Illustrated notes

Levels and vault maps discovered:
D:1:      dpeg_arrival_boxorama, layout_basic,
          ebering_ecumenical_altar_petrified
D:2:      layout_basic, serial_forest, infiniplex_forest_lined_3,
          infiniplex_forest_straight_2, infiniplex_forest_clump_long,
          infiniplex_forest_lined_3_way, infiniplex_forest_end_1,
          infiniplex_forest_clump_small, infiniplex_forest_clump_medium,
          infiniplex_forest_zigzag_2, infiniplex_forest_zigzag_1,
          minmay_fountain_box, minivault_11
D:3:      layout_loops_ring, pdpol_wu_jian_five_deadly_venoms
D:4:      layout_basic, nicolae_overflow_hidden_temple, tso_oasis_becter,
          cheibrodos_sewer_entry_sluice
D:5:      layout_gridville, uniq_ijyb, uniq_duvessa
D:6:      layout_rooms, chequers_serial_rivers_micro_c,
          chequers_serial_rivers_room_a, uniq_pikel
D:7:      layout_layer_cave, temple_green
D:8:      layout_basic, cheibrodos_ashenzari_chains
D:9:      layout_big_octagon, grunt_temple_overflow_growth_and_decay,
          erik_lair_orcish_takeover, serial_shops, shop
D:10:     layout_basic, lemuel_tele_altar, hiddenorc1_lemuel, serial_undead,
          serial_undead_b, serial_undead_a, serial_undead_e, serial_undead_e,
          serial_shops, shop_fountains, roderic_roman_lattice, hex_tiny
D:11:     layout_roguey [special_room_bee]
D:12:     layout_gridville, serial_shops,
          nicolae_shop_competitors_out_of_business, kiku_gazebo_pond_becter,
          uniq_fannar
D:13:     layout_basic, erik_vaults_2
D:14:     layout_roguey, serial_bayou_pond_a, eino_tiny_chamber,
          guppyfry_shop_venom
D:15:     hangedman_depths_entry_try_elsewhere_first, layout_rooms,
          minmay_misc_feat_tiny, grunt_ministairs_2, minmay_misc_feat_x,
          uniq_jorgrun
Lair:1:   layout_misc_corridors, serial_bayou_pond_e,
          cheibrodos_lair_caveside_slide, grunt_megastairs_2, lemuel_fruit_tree,
          infiniplex_staircase_pool, uniq_erica, uniq_maggie
Lair:2:   beast_lair_carwin_large_2, layout_cellular_growth,
          spider_nest_entry_webs, minmay_shattered_shrine
Lair:3:   layout_loops_ring, nicolae_quartered_pool_little, serial_bayou_shore_b
Lair:4:   layout_regular_city, elwin_shoals_entry_stream
Lair:5:   regret_index_wax_grids, layout_gridlike, slime_altar_1,
          grunt_forest_small_clearings, ldierk_geyser, grunt_megastairs_4
Lair:6:   minmay_lair_end_frog_pond, layout_regular_city
Shoals:1: layout_shoals, ebering_ghost_davey_jones, nicolae_shoals_drake_roost
Shoals:2: layout_shoals, uniq_polyphemus
Shoals:3: cheibrodos_shoals_roost, layout_shoals
Shoals:4: shoals_end_grunt_garden, layout_shoals, shoal_ilsuiw,
          nicolae_shoals_arrival_archipelago
Spider:1: layout_spider_delve
Spider:2: layout_spider_delve, hive_lemuel, uniq_frances
Spider:3: layout_spider_delve, portal_ice_cave_entry_dragon, drop_trap,
          nicolae_spider_nooks_and_crannies
Spider:4: floodkiller_spider_rune_tomb
Orc:1:    nicolae_orc_accident_3, layout_caves, basic_altar
Orc:2:    grunt_orc_community_town_hall, layout_caves,
          grunt_orc_community_big_house_2, grunt_orc_community_big_house_1,
          grunt_orc_community_house_2, grunt_orc_community_house_3,
          grunt_orc_community_house_1, grunt_orc_community_house_1,
          grunt_orc_community_house_1, grunt_orc_community_house_1,
          serial_shops, shop, nicolae_orc_stony_grotto, uniq_saint_roka
Elf:1:    layout_rooms, hangedman_elven_crosses_minicolossus, minmay_shop_star
Elf:2:    layout_geoelf_octagon, amcnicky_mini_pool_small
Elf:3:    minmay_elf_hall_not_hex, layout_gridlike, minmay_misc_feat_ornament
Vaults:1: v_pattern_4, v_alt_pattern_4, vaults_room_fours, v_rooms_4,
          nicolae_vaults_bisected_slash, v_alt_pattern_2,
          nicolae_vaults_mini_display_case, ontoclasm_vaults_chip,
          vaults_dpeg_diagonal, nicolae_vaults_specimen_jars, v_misc_8,
          layout_vaults_maze_bifur, nicolae_trove_entry_isolated
Vaults:2: hangedman_vaults_trim, minmay_crypt_entry_simple_corners,
          grunt_vaults_trifunnel, vaults_room_door_hall, st_greater_box_1,
          ontoclasm_vaults_spin, dpeg_vaults_monster_box, nicolae_vaults_big_ls,
          nicolae_vaults_gold_heap, layout_vaults_omnibox, serial_shops, shop
Vaults:3: nicolae_vaults_arrows, nicolae_vaults_little_squares_1,
          ontoclasm_vaults_idyll, vaults_room_fours, nicolae_vaults_rhombus_6,
          grunt_vaults_diagonal, layout_vaults_omnigrid, uniq_mara
Vaults:4: gammafunk_vaults_ghost_split, ontoclasm_vaults_idyll,
          nicolae_vaults_asterisk, nicolae_vaults_border_crossing,
          vaults_room_semicircle, nicolae_vaults_shelves_hall,
          nicolae_vaults_network_barrier, nicolae_vaults_triangles,
          vaults_dpeg_cross, vaults_dpeg_ring, nicolae_vaults_theta, v_misc_18,
          nicolae_vaults_yaktaur_gun_rack, nicolae_vaults_shelves_hall,
          layout_vaults_ring
Vaults:5: uniq_frederick
Depths:1: grunt_crosshair, layout_long_grid, grunt_mini_vestibule, serial_shops,
          shop_fountains, bloody_trog, kilobyte_rumbling_trees
Depths:2: lemuel_river_lethe, abyss_entry, hell_entry
Depths:3: lemuel_flame_loot_2, layout_cave_pools, pan_entry,
          infiniplex_staircase_pool_1, hell_entry, minmay_shoptagon
Depths:4: thingy_vault_2, layout_gridville,
          nicolae_abyss_entry_one_way_or_another, special_room
          [special_room_morgue], glass_columns_a, hellmouth_1,
          serial_sigils_hangedman_scar, minivault_12,
          infiniplex_staircase_door_maze
Depths:5: grunt_zot_entry_gee_three, layout_gridlike, rand_demon_pan_entry_8,
          abyss_entry, cheibriados_altar_1, hell_entry, serial_bayou_shore_b
Zot:1:    layout_cathedral_of_symmetry, grunt_megastairs_1
Zot:2:    layout_gridlike
Zot:3:    kennysheep_blocky_room, layout_misc_corridors
Zot:4:    layout_cellular_growth, lemuel_elevator
Zot:5:    layout_cathedral_of_symmetry, st_stairs_1, nicolae_transmutations_shop

Skill      XL: |  1  2  3  4  5  6  7  8  9 10 11 12 13 14 15 16 17 18 19 20 21 22 23 24 25 26 27 |
---------------+----------------------------------------------------------------------------------+-----
Armour         | 3 4 5 7 8 10 12 14 17 18 21 | 21.4
Fighting       | 4 5 6 7 8 10 11 12 13 14 15 | 15.0
Long Blades    | 3 4 5 7 10 14 17 18 19 20 23 | 23.8
Invocations    | 4 6 8 10 11 12 14 | 14.0
Dodging        | 4 6 7 8 10 12 | 12.0
Axes           | 1 |  1.7
Throwing       | 4 5 7 |  7.0
Stealth        | 1 3 8 |  8.0
Evocations     | 3 5 9 12 | 12.0
Shields        | 4 7 12 14 15 | 15.0
Earth Magic    | 4 6 13 18 19 27 | 27.0
Transmutations | 3 4 |  4.0
Spellcasting   | 3 4 20 | 20.3
Translocations | 4 9 12 | 12.7

Action                   |  1- 3 |  4- 6 |  7- 9 | 10-12 | 13-15 | 16-18 | 19-21 | 22-24 | 25-27 || total
-------------------------+-------+-------+-------+-------+-------+-------+-------+-------+-------++-------
Melee: Falchion          |   109 |   109 |   121 |   598 |     4 |       |       |       |       ||   941
       Great sword       |       |       |     3 |       |   781 |  1039 |  1236 |  1330 |  1861 ||  6250
       Scimitar          |       |       |       |       |     5 |       |       |       |       ||     5
       Triple sword      |       |       |       |       |       |       |       |       |   360 ||   360
       Peck              |       |       |       |       |       |       |       |       |    36 ||    36
 Fire: Hunting sling     |       |     9 |       |       |       |       |       |       |       ||     9
Throw: Stone             |    13 |       |    13 |       |       |       |       |       |       ||    26
       Javelin           |       |       |       |    15 |    26 |     7 |    21 |     1 |    22 ||    92
       Boomerang         |       |       |       |     8 |    31 |     6 |     1 |       |       ||    46
 Cast: Passwall          |       |       |       |       |       |       |     1 |       |       ||     1
       Passage of Golubr |       |       |       |       |       |       |       |     4 |     8 ||    12
       Shatter           |       |       |       |       |       |       |       |       |   330 ||   330
       Lee's Rapid Decon |       |       |       |       |       |       |       |       |    10 ||    10
Invok: Depart the Abyss  |     1 |       |       |       |       |       |       |       |     2 ||     3
       Bend Space        |       |       |     2 |       |       |     2 |     1 |     1 |       ||     6
       Brand Weapon With |       |       |       |       |     1 |       |       |       |       ||     1
       Banish            |       |       |       |       |     4 |     2 |     1 |       |       ||     7
       Enter the Abyss   |       |       |       |       |       |       |       |       |     1 ||     1
 Abil: Dig               |       |       |       |     2 |     7 |    20 |    27 |     1 |    50 ||   107
Evoke: Wand              |       |       |     4 |     9 |    10 |     9 |     6 |     2 |    10 ||    50
       Lightning rod     |       |       |       |       |       |     1 |     3 |     2 |       ||     6
       Condenser vane    |       |       |       |       |       |       |     3 |     4 |       ||     7
       Tin of tremorston |       |       |       |       |       |       |     3 |     2 |       ||     5
       Phantom mirror    |       |       |       |       |       |       |     1 |     1 |     2 ||     4
       Box of beasts     |       |       |       |       |       |       |     1 |     1 |       ||     2
       Phial of floods   |       |       |       |       |       |       |       |       |     1 ||     1
  Use: Scroll            |       |     5 |    10 |     6 |    10 |     8 |     2 |     1 |    17 ||    59
       Potion            |       |       |     1 |     4 |     2 |    15 |     7 |     1 |    28 ||    58
 Stab: Sleeping          |       |     1 |       |     1 |       |       |       |       |       ||     2
       Distracted        |       |       |     2 |     9 |       |       |       |       |     3 ||    14
       Petrified         |       |       |       |       |     1 |       |       |       |       ||     1
       Held in net/web   |       |       |       |       |       |     3 |       |       |       ||     3
       Invisible         |       |       |       |       |       |     1 |       |       |       ||     1
       Confused          |       |       |       |       |       |       |       |     4 |       ||     4
Armor: Leather armour    |    48 |    13 |       |       |       |       |       |       |       ||    61
       Ring mail         |       |     1 |       |       |       |       |       |       |       ||     1
       Scale mail        |       |    12 |       |       |       |       |       |       |    32 ||    44
       Troll leather arm |       |     2 |    16 |    11 |       |       |       |       |       ||    29
       Plate armour      |       |       |       |   314 |   382 |    69 |   415 |   411 |   667 ||  2258
       Chain mail        |       |       |       |       |       |   335 |       |       |       ||   335
       Gold dragon scale |       |       |       |       |       |       |       |       |   119 ||   119
Dodge: Dodged            |    83 |    55 |    41 |   328 |   561 |   363 |   426 |   441 |   888 ||  3186
Block: Buckler           |       |       |       |   112 |   155 |    24 |       |       |       ||   291
       Kite shield       |       |       |       |       |       |   486 |   813 |   737 |  1174 ||  3210
       Rpst.: Falchion   |    27 |    13 |    13 |   100 |     2 |       |       |       |       ||   155
       Great sword       |       |       |     1 |       |   150 |    84 |    70 |    75 |   104 ||   484
       Triple sword      |       |       |       |       |       |       |       |       |    17 ||    17

Table legend: (Time is in decaauts)
 A = Elapsed time spent in this place.
 B = Non-inter-level travel time spent in this place.
 C = Inter-level travel time spent in this place.
 D = Time resting spent in this place.
 E = Time spent auto-exploring this place.
 F = Levels seen in this place.
 G = Mean time per level.
                   A        B        C        D        E       F      G
               +--------+--------+--------+--------+--------+-----+--------+
         Total |  99424 |  91444 |   7980 |  27289 |  42899 |  56 | 1775.4 |
       Dungeon |  18859 |  16509 |   2350 |   2744 |  10445 |  15 | 1257.3 |
          Lair |  13132 |  11871 |   1261 |   2626 |   7174 |   6 | 2188.7 |
        Shoals |   6797 |   6446 |    351 |   1788 |   2573 |   4 | 1699.2 |
   Spider Nest |   7794 |   7438 |    356 |   1539 |   4044 |   4 | 1948.5 |
  Orcish Mines |   3562 |   3084 |    478 |    715 |   1650 |   2 | 1781.0 |
   Elven Halls |   4519 |   4275 |    244 |   1065 |   1859 |   3 | 1506.3 |
        Vaults |  12371 |  11127 |   1244 |   3300 |   4974 |   5 | 2474.2 |
        Depths |  14562 |  13599 |    963 |   4358 |   4817 |   5 | 2912.4 |
           Zot |  14963 |  14231 |    732 |   8016 |   4457 |   5 | 2992.6 |
         Abyss |    892 |    892 |      0 |    228 |    293 |   4 |  223.0 |
         Trove |     46 |     46 |      0 |      0 |      0 |   1 |   46.0 |
         Sewer |    331 |    331 |      0 |      0 |    267 |   1 |  331.0 |
      Ice Cave |   1590 |   1590 |      0 |    905 |    344 |   1 | 1590.0 |
               +--------+--------+--------+--------+--------+-----+--------+

Top non-repeatable levels by time:
   Zot:1: 5205 daAuts
Depths:5: 4369 daAuts
Vaults:4: 3711 daAuts
   Zot:2: 3693 daAuts
  Lair:5: 3570 daAuts
  Lair:2: 3270 daAuts
Depths:2: 3092 daAuts
    D:10: 3062 daAuts
   Zot:5: 2845 daAuts
   Elf:3: 2841 daAuts
Spider:4: 2753 daAuts
Vaults:2: 2710 daAuts
Depths:1: 2541 daAuts
  Lair:1: 2540 daAuts
Shoals:3: 2502 daAuts
